 Dungeon Crawl Stone Soup version 0.22-a0-558-gc224181 (webtiles) character file.

49849 Amnesiac the Slicer (level 14, -4/108 HPs)
             Began as a Mummy Enchanter on June 27, 2018.
             Was an Initiate of Gozag.
             Killed from afar by a wizard (30 damage)
             ... with a bolt of lightning
             ... on level 15 of the Dungeon.
             The game lasted 01:03:38 (26741 turns).

Amnesiac the Slicer (Mummy Enchanter)              Turns: 26741, Time: 01:03:38

Health: -4/108     AC: 16    Str: 12    XL:     14   Next: 17%
Magic:  22/26      EV: 16    Int: 18    God:    Gozag
Gold:   6139       SH: 12    Dex: 13    Spells: 10/29 levels left

rFire    x . .     SeeInvis .   a - +0 dagger (drain)
rCold    + . .     Gourm    .   l - +0 buckler
rNeg     + + +     Faith    .   q - +1 robe {Archmagi}
rPois    ∞         Spirit   .   t - +0 helmet
rElec    .         Reflect  +   y - +2 cloak {MR+}
rCorr    .         Harm     .   (no gloves)
MR       ++...                  (no boots)
Stlth    ++++......             H - +6 amulet of reflection
HPRegen  0.28/turn              p - +5 ring of protection
MPRegen  0.20/turn              f - +4 ring of protection

@: gold aura
A: no food or potions, fire vulnerability, cold resistance 1, negative energy
resistance 3, torment resistance, unbreathing, in touch with death 1
a: Potion Petition, Call Merchant, Bribe Branch, Renounce Religion


You were on level 15 of the Dungeon.
You worshipped Gozag.
Gozag was greatly pleased with you.
You were not hungry.

You visited 2 branches of the dungeon, and saw 16 of its levels.
You also visited: Ice Cave.

You collected 6321 gold pieces.
You spent 88 gold pieces at shops.
You paid 94 gold pieces to Gozag.

Inventory:

Hand Weapons
 a - a +0 dagger of draining (weapon)
 b - a +1 short sword of venom
 D - a +0 blowgun
Missiles
 c - 454 stones (quivered)
 h - 102 poisoned needles
 m - a throwing net
Armour
 l - a +0 buckler (worn)
 q - a +1 robe of the Archmagi (worn)
 t - a +0 helmet (worn)
 y - a +2 cloak of magic resistance (worn)
Jewellery
 f - a +4 ring of protection (right hand)
 p - a +5 ring of protection (left hand)
 E - an uncursed ring of see invisible
 G - an uncursed ring of resist corrosion
 H - a +6 amulet of reflection (around neck)
 I - an uncursed ring of fire
 J - an uncursed ring of protection from fire
 L - an uncursed amulet of guardian spirit
Wands
 d - a wand of flame (38)
 n - a wand of digging (9)
 w - a wand of disintegration (9)
 z - a wand of polymorph (28)
 A - a wand of random effects (11)
 B - a wand of enslavement (16)
 F - a wand of acid (2)
Scrolls
 e - 7 scrolls of identify {!r}
 g - 5 scrolls of teleportation {!r}
 j - 2 scrolls of fear {!r}
 k - 2 scrolls of fog {!r}
 o - 3 scrolls of enchant armour {!r}
 r - 3 scrolls of amnesia {!r}
 s - 5 scrolls of remove curse {!r}
 u - 3 scrolls of magic mapping {!r}
 v - 3 scrolls of enchant weapon {!r}
 x - a scroll of torment {!r}
Miscellaneous
 i - a crystal ball of energy
 C - a phantom mirror


   Skills:
 - Level 9.0 Fighting
 - Level 10.1 Short Blades
 - Level 7.0 Dodging
 - Level 10.1 Stealth
 + Level 9.8 Shields
 - Level 8.0 Spellcasting
 - Level 8.0 Hexes


You had 10 spell levels left.
You knew the following spells:

 Your Spells              Type           Power        Failure   Level  Hunger
a - Ensorcelled Hibernat  Hex/Ice        ####..       2%          2    N/A
b - Fulminant Prism       Conj/Hex       ####......   19%         4    N/A
d - Dazzling Spray        Conj/Hex       ####..       5%          3    N/A
e - Confuse               Hex            ######..     1%          3    N/A
s - Conjure Flame         Conj/Fire      ##......     28%         3    N/A
w - Tukima's Dance        Hex            ######..     1%          3    N/A
z - Confusing Touch       Hex            ######       1%          1    N/A

Your spell library contained the following spells:

 Spells                   Type           Power        Failure   Level  Hunger
 Magic Dart               Conj           ##..         10%         1    N/A
 Fireball                 Conj/Fire      ##........   95%         5    N/A
 Apportation              Tloc           ##....       10%         1    N/A
 Bolt of Magma            Conj/Fire/Erth ##........   95%         5    N/A
 Throw Flame              Conj/Fire      ##....       14%         2    N/A
 Venom Bolt               Conj/Pois      ##........   95%         5    N/A
 Summon Small Mammal      Summ           ##..         10%         1    N/A
 Iskenderun's Mystic Bla  Conj           ##......     67%         4    N/A
 Animate Skeleton         Necr           N/A          10%         1    N/A
 Sticky Flame             Conj/Fire      ##......     67%         4    N/A
 Iron Shot                Conj/Erth      ##........   100%        6    N/A
 Flame Tongue             Conj/Fire      ##...        10%         1    N/A
 Corona                   Hex            ######.      1%          1    N/A
 Orb of Destruction       Conj           ##........   100%        7    N/A
 Inner Flame              Hex/Fire       ####....     5%          3    N/A
 Iskenderun's Battlesphe  Conj/Chrm      ##......     95%         5    N/A
 Force Lance              Conj/Tloc      ##......     67%         4    N/A
 Searing Ray              Conj           ##....       14%         2    N/A
 Spellforged Servitor     Conj/Summ      ##........   100%        7    N/A

Dungeon Overview and Level Annotations

Branches:
Dungeon (15/15)            Temple (1/1) D:4            Lair (0/6) D:9
    Orc (0/2) D:12         Vaults (0/5) D:13
 Depths: D:15

Altars:
Ashenzari
Cheibriados
Dithmenos
Elyvilon
Fedhas
Gozag
Hepliaklqana
Kikubaaqudgha
Makhleb
Nemelex Xobeh
Okawaru
Qazlal
Ru
Sif Muna
Trog
Uskayaw
Vehumet
Wu Jian
Xom
Yredelemnul
Zin
The Shining One

Shops:
D:4 %%%*[   D:8 [   D:11 *   D:13 %

Annotations:
D:10 Fannar


Innate Abilities, Weirdness & Mutations

You do not eat or drink.
Your flesh is vulnerable to fire.
You are immune to poison.
Your flesh is cold resistant. (rC+)
You are immune to negative energy. (rN+++)
You are immune to unholy pain and torment.
You can survive without breathing.
You are in touch with the powers of death.


Message History

You feel a bit more experienced. The blast of flame hits you!
The fire burns you terribly! The lindwurm bites you. The lindwurm claws you.
You block the lindwurm's attack.
You see here 6 gold pieces.
You hit the lindwurm.
The lindwurm is lightly wounded.
The lindwurm barely misses you.
The lindwurm claws you but does no damage.
The lindwurm misses you.
You hit the lindwurm. You drain the lindwurm!
The lindwurm is moderately wounded.
Casting: Confuse (safe; 1% risk of failure)
Confirm with . or Enter, or press ? or * to list all spells.
Aiming: Ensorcelled Hibernation (safe; 2% risk of failure)
Press: ? - help, Shift-Dir - straight line, f/p - lindwurm
Aim: a lindwurm shaped shifter (moderately wounded, catching its breath, lightly drained, chance to defeat MR: 48%)
You feel a surge of power!
The lindwurm looks drowsy...
Unknown command.
The helpless lindwurm fails to defend itself.
You skewer the lindwurm like a kebab!!!!
You kill the lindwurm!
You now have 6133 gold pieces (gained 20).
You now have 6139 gold pieces (gained 6).
You start resting.
Magic restored.
You start resting.
Magic restored.
You start resting.
HP restored.
You see here a ration.
Key pressed, stopping explore.
There is an open door here.
There is an open door here.
You open the door.
A naga mage comes into view.
The naga mage shouts!
You hear a shout! x2
A wizard comes into view. It is wielding a dagger.
The naga mage moves out of view.
Casting: Ensorcelled Hibernation (safe; 2% risk of failure)
Confirm with . or Enter, or press ? or * to list all spells.
Aiming: Ensorcelled Hibernation (safe; 2% risk of failure)
Press: ? - help, Shift-Dir - straight line, f - naga mage
Aim: a naga mage, wearing a robe (chance to defeat MR: 26%)
You feel a surge of power!
The naga mage looks drowsy...
Unknown command.
The helpless naga mage fails to defend itself.
You spit the naga mage like a pig!!!!
You kill the naga mage!
The wizard gestures at you while chanting.
The bolt of lightning hits you! x2
Casting: Ensorcelled Hibernation (safe; 2% risk of failure)
Confirm with . or Enter, or press ? or * to list all spells.
Aiming: Ensorcelled Hibernation (safe; 2% risk of failure)
Press: ? - help, Shift-Dir - straight line, f - wizard
Aim: a wizard, wielding a dagger and wearing a robe (chance to defeat MR: 26%)
You feel a surge of power!
The wizard resists with almost no effort.
The wizard casts a spell at you. The bolt of lightning hits you!
* * * LOW HITPOINT WARNING * * *
The bolt of lightning hits you!
You die...
Your body crumbles into a pile of gold.

##.## ###...## ####......#
.....###.## ###### ### $
#########.### #..p$.........#
###### #.###@##..###.. ....#
#..'.# #.##..# #.# #..... #
#..#####..#..# #.# #.##.# ##
#..####......###.###.#... .#
...##'.................... ##
...##.........####.##...... #
######.#####.........#.#.#..#
# #.....## ##.#######.#...#.#
# ##...## #.# ##.#.#.##


You could see a wizard.

Vanquished Creatures
  Kirke (D:12)
  A very ugly thing (D:14)
  Azrael (D:12)
  2 ice dragons (IceCv)
  3 hydras
  2 vault guards (D:13)
  A centaur warrior (D:13)
  A two-headed ogre (D:10)
  Nergalle (D:10)
  4 skeletal warriors
  An unseen horror (D:9)
  2 wizards (D:13)
  A lindwurm (shapeshifter) (D:15)
  3 ugly things
  3 cyclopes
  3 deep elf magi
  The ghost of iamserjio the Sneak, a novice OpSu (D:7)
  5 centaur zombies
  2 ice statues (IceCv)
  A naga mage (D:15)
  A gargoyle (D:10)
  2 komodo dragons
  A kobold demonologist (D:13)
  2 rime drakes (IceCv)
  A freezing wraith (D:14)
  6 yaktaurs
  4 trolls
  2 hornets
  7 hippogriffs
  14 slime creatures
  Sigmund (D:5)
  A water elemental (D:11)
  A spriggan (D:7)
  2 wyverns
  23 humans
  A wraith (D:14)
  25 yaks
  A fire elemental (D:12)
  3 vampire mosquitoes (D:14)
  A water moccasin (D:12)
  3 porcupines (D:9)
  4 black bears
  7 hell hounds (D:12)
  A hornet zombie (D:13)
  24 ice beasts
  9 orc warriors
  6 phantoms
  4 sky beasts
  A necrophage (D:14)
  10 ogres
  The ghost of kirsanium the Ruffian, an amateur NaTm (D:3)
  10 centaurs
  2 crocodiles
  4 big kobolds
  15 bullfrogs
  3 scorpions
  9 wights
  30 killer bees
  7 electric eels
  A howler monkey (D:9)
  2 troll zombies (D:12)
  6 crimson imps
  A quasit (D:6)
  6 hounds
  2 jellies (D:13)
  6 orc priests
  A bullfrog skeleton (D:11)
  5 centaur skeletons
  2 iguanas (D:7)
  11 orc wizards
  10 worker ants
  4 ogre zombies (D:12)
  2 hound skeletons
  10 adders
  3 gnolls (D:3)
  A howler monkey skeleton (D:6)
  4 shadow imps
  3 oozes
  2 adder skeletons
  A worm (D:2)
  2 dart slugs (D:2)
  5 leopard geckos
  62 orcs
  3 bats
  7 giant cockroaches
  6 goblins
  4 hobgoblins (D:2)
  20 jackals
  25 kobolds
  7 quokkas
  2 ball pythons (D:1)
  5 frilled lizards
  A goblin skeleton (D:12)
  A goblin zombie (D:12)
  A hobgoblin skeleton (D:12)
  3 hobgoblin zombies (D:12)
  2 orc skeletons (D:12)
  11 orc zombies (D:12)
  9 rats
547 creatures vanquished.

Vanquished Creatures (collateral kills)
  A two-headed ogre (D:11)
  A skeletal warrior (D:14)
  Maurice (D:8)
  An orc warrior (D:11)
  3 ogres
  A gnoll (D:3)
8 creatures vanquished.

Vanquished Creatures (others)
  An unseen horror (D:15)
  A necromancer (D:13)
  2 dancing weapons
  A centaur (D:14)
  A killer bee (D:9)
  16 fulminant prisms (IceCv)
  43 fungi (D:9)
  19 plants (D:9)
84 creatures vanquished.

Grand Total: 639 creatures vanquished

Notes
Turn   | Place    | Note
-------+----------+-------------------------------------------
     0 | D:1      | Amnesiac the Mummy Enchanter began the quest for the Orb.
     0 | D:1      | Reached XP level 1. HP: 13/13 MP: 4/4
   231 | D:2      | Reached skill level 1 in Short Blades
   236 | D:2      | Reached XP level 2. HP: 5/19 MP: 1/6
   699 | D:2      | Reached XP level 3. HP: 16/24 MP: 5/7
   704 | D:2      | Learned a level 3 spell: Confuse
   708 | D:2      | Learned a level 3 spell: Tukima's Dance
   888 | D:4      | Found Suggyc's Food Boutique.
   912 | D:4      | Found Nydidwod's Food Emporium.
  1061 | D:4      | Found a shattered altar of Ashenzari.
  1068 | D:4      | Found a staircase to the Ecumenical Temple.
  1077 | Temple   | Entered the Ecumenical Temple
  1105 | Temple   | Became a worshipper of Gozag Ym Sagoz the Greedy
  1348 | D:3      | Reached XP level 4. HP: 30/30 MP: 3/9
  2531 | D:2      | Reached XP level 5. HP: 35/35 MP: 7/11
  2953 | D:3      | Found a bloodstained altar of Trog.
  3300 | D:3      | Found a runed door.
  3912 | D:3      | Noticed kirsanium's ghost (amateur NaTm)
  3946 | D:3      | Killed kirsanium's ghost
  3946 | D:3      | Reached skill level 5 in Hexes
  3946 | D:3      | Reached XP level 6. HP: 35/41 MP: 7/12
  4330 | D:4      | Found Boint's Food Shoppe.
  4398 | D:4      | Found Zaguptem's Assorted Antiques.
  4409 | D:4      | Bought a scroll labeled FIPHEYCAIFF for 22 gold pieces
  4663 | D:4      | Found Deoreume's Antique Armour Shop.
  4670 | D:4      | Bought a runed robe for 66 gold pieces
  4923 | D:5      | Entered Level 5 of the Dungeon
  4933 | D:5      | Noticed Sigmund
  4945 | D:5      | Killed Sigmund
  4945 | D:5      | Reached skill level 5 in Spellcasting
  4970 | D:5      | Noticed a sky beast
  5292 | D:4      | Killed a sky beast
  5464 | D:4      | Reached XP level 7. HP: 46/46 MP: 14/17
  5583 | D:5      | Found a transporter.
  5768 | D:5      | Reached skill level 1 in Shields
  5868 | D:5      | Found a transporter.
  5884 | D:5      | Found an opulent altar of Gozag.
  6386 | D:6      | Reached XP level 8. HP: 47/52 MP: 12/20
  7717 | D:6      | Found an iron altar of Okawaru.
  7965 | D:7      | Reached XP level 9. HP: 29/57 MP: 17/21
  7991 | D:7      | Found an ornate altar of the Wu Jian Council.
  8442 | D:7      | Found a runed door.
  8442 | D:7      | Noticed iamserjio's ghost (novice OpSu)
  9226 | D:7      | Found a glowing golden altar of the Shining One.
  9305 | D:7      | Found a radiant altar of Vehumet.
  9329 | D:7      | Found a deep blue altar of Sif Muna.
 10028 | D:7      | Killed iamserjio's ghost
 10131 | D:8      | Reached skill level 5 in Fighting
 10374 | D:8      | Found Voholulu's Antique Armour Shoppe.
 10491 | D:8      | Reached XP level 10. HP: 69/74 MP: 22/22
 10617 | D:8      | Found a hazy altar of Hepliaklqana.
 10857 | D:8      | Found a shadowy altar of Dithmenos.
 10858 | D:8      | Found a sacrificial altar of Ru.
 10878 | D:8      | Noticed Maurice
 10895 | D:8      | Killed Maurice
 11116 | D:9      | Reached skill level 5 in Dodging
 11116 | D:9      | Reached skill level 5 in Shields
 11729 | D:10     | Entered Level 10 of the Dungeon
 11806 | D:10     | Noticed Fannar
 12329 | D:10     | Noticed a two-headed ogre
 12381 | D:10     | Killed a two-headed ogre
 12974 | D:9      | You fall through a shaft for 2 floors!
 12998 | D:10     | Noticed a gargoyle
 13012 | D:10     | Noticed Nergalle
 13621 | D:10     | Reached XP level 11. HP: 61/84 MP: 19/23
 14042 | D:10     | Killed Nergalle
 14328 | D:9      | Noticed an unseen horror
 14349 | D:9      | Killed an unseen horror
 14415 | D:9      | Learned a level 2 spell: Ensorcelled Hibernation
 14420 | D:9      | Learned a level 4 spell: Fulminant Prism
 14615 | D:9      | Found a staircase to the Lair.
 15151 | D:10     | Learned a level 3 spell: Dazzling Spray
 15543 | D:11     | Found Heish's General Store.
 15555 | D:11     | Noticed a green ugly thing
 15661 | D:11     | Killed a green ugly thing
 15834 | D:11     | Noticed a seven-headed hydra
 15870 | D:11     | Killed a seven-headed hydra
 15870 | D:11     | Reached skill level 5 in Short Blades
 16141 | D:11     | Noticed a red ugly thing
 16164 | D:11     | Killed a red ugly thing
 16289 | D:11     | Reached XP level 12. HP: 49/95 MP: 10/24
 16604 | D:11     | Noticed a seven-headed hydra
 16642 | D:11     | Killed a seven-headed hydra
 17698 | D:12     | Noticed a two-headed ogre
 17710 | D:11     | Killed a two-headed ogre
 18121 | D:12     | Found a staircase to the Orcish Mines.
 18611 | D:12     | Noticed Kirke
 18652 | D:12     | Killed Kirke
 19244 | D:12     | Noticed Azrael
 19496 | D:12     | Noticed a five-headed hydra
 19531 | D:12     | Killed a five-headed hydra
 19847 | D:12     | Killed Azrael
 19847 | D:12     | Reached skill level 10 in Short Blades
 20343 | D:13     | Found a shadowy altar of Dithmenos.
 20500 | D:13     | Found a frozen archway.
 20584 | D:13     | Gained mutation: You are in touch with the powers of death. [Mummy growth]
 20584 | D:13     | Reached XP level 13. HP: 85/101 MP: 4/25
 20642 | D:13     | Reached skill level 5 in Stealth
 20656 | IceCv    | Entered an ice cave
 22232 | D:13     | Learned a level 3 spell: Conjure Flame
 22484 | D:13     | Found Wufapiqu's Food Boutique.
 23179 | D:13     | Found a gate to the Vaults.
 24000 | D:14     | Found an opulent altar of Gozag.
 24002 | D:14     | Noticed a cyan very ugly thing
 24039 | D:14     | Killed a cyan very ugly thing
 24618 | D:14     | Learned a level 1 spell: Confusing Touch
 24784 | D:14     | Reached XP level 14. HP: 108/108 MP: 17/26
 25541 | D:14     | Reached skill level 10 in Stealth
 26014 | D:14     | Found an opulent altar of Gozag.
 26248 | D:15     | Entered Level 15 of the Dungeon
 26741 | D:15     | Killed from afar by a wizard

Vault maps used:
D:1:      lemuel_arrival_hallway, minivault_24
D:2:      cheibrodos_old_hovel
D:3:      bloody_trog, ebering_ghost_reflecting_pool
D:4:      lemuel_round_altar, minmay_temple_entry_trees, first_ration,
          serial_shops, shop, shop_fountains, shop, shop,
          nicolae_shop_behind_doors
D:5:      gammafunk_steamed_eel, basic_altar, uniq_sigmund
D:6:      okawaru_trees_1, minmay_misc_feat_tiny
D:7:      nicolae_overflow_crystal_walls, lemuel_crystal_altar,
          lemuel_doored_altar, kennysheep_mini, gammafunk_ghost_grave,
          the_bakery, kennysheep_generic_room_2
D:8:      nicolae_overflow_hidden_temple, serial_shops, nicolae_shop_trees,
          uniq_maurice
D:9:      due_lair_maze_entry_diamond
D:10:     uniq_fannar, uniq_nergalle
D:11:     serial_shops, shop_fountains, special_room, kennysheep_path_1,
          minmay_curled_crystal
D:12:     zombieorc1_lemuel, uniq_kirke, uniq_azrael
D:13:     grunt_vaults_entry_tiered, serial_shops, kennysheep_mini_moat,
          portal_ice_cave_entry_ice_beasts, grunt_dithmenos_shadows
D:14:     nicolae_gozag_cash_rules_everything_around_me
D:15:     grunt_enter_depths_magical_seal, hangedman_abyss_or_decor_passed,
          uniq_louise
Temple:   nicolae_temple_x_marks_the_god
IceCv:    ice_cave_small_dragons

Skill      XL: |  1  2  3  4  5  6  7  8  9 10 11 12 13 14 |
---------------+-------------------------------------------+-----
Short Blades   | 1 6 10 | 10.1
Hexes          | 3 4 5 7 8 |  8.0
Spellcasting   | 3 4 6 8 |  8.0
Stealth        | 3 4 9 10 | 10.1
Shields        | 3 4 6 7 9 |  9.8
Dodging        | 4 6 7 |  7.0
Fighting       | 5 7 9 |  9.0

Action                   |  1- 3 |  4- 6 |  7- 9 | 10-12 | 13-15 || total
-------------------------+-------+-------+-------+-------+-------++-------
Melee: Dagger            |     5 |       |    21 |  1160 |   798 ||  1984
       Whip              |       |    27 |   181 |   375 |       ||   583
 Fire: Hunting sling     |   121 |   223 |   500 |       |       ||   844
       Blowgun           |       |       |       |    18 |       ||    18
 Cast: Corona            |    18 |       |       |       |       ||    18
       Confuse           |     8 |    19 |    90 |   224 |    66 ||   407
       Tukima's Dance    |       |     2 |     3 |    19 |    24 ||    48
       Ensorcelled Hiber |       |       |       |    78 |   134 ||   212
       Dazzling Spray    |       |       |       |     8 |     5 ||    13
       Fulminant Prism   |       |       |       |       |    16 ||    16
Evoke: Wand              |       |       |    10 |    31 |     9 ||    50
  Use: Scroll            |     4 |       |     8 |     4 |     2 ||    18
 Stab: Confused          |       |     1 |    15 |   148 |    43 ||   207
       Sleeping          |       |       |     3 |    48 |    70 ||   121
       Distracted        |       |       |       |     3 |     2 ||     5
       Paralysed         |       |       |       |     2 |     3 ||     5
Armor: Robe              |     7 |    19 |    49 |   184 |   117 ||   376
Dodge: Dodged            |    54 |    71 |   194 |   566 |   264 ||  1149
Block: Other             |       |     2 |     4 |       |       ||     6
       Buckler           |       |       |   135 |   430 |   277 ||   842
       Reflection        |       |       |     3 |     7 |    10 ||    20

Table legend:
 A = Spawn XP
 B = Non-spawn XP
 C = Spawn XP percentage of total XP
 D = Spawn monster count
 E = Non-spawn monster count
 F = Spawn count percentage of total count
 G = Total turns spent on level
                    A         B        C        D         E        F      G
               +---------+---------+-------+---------+---------+-------+---------
         Total |       0 |   71213 |   0.0 |       0 |     555 |   0.0 | 26741
               +---------+---------+-------+---------+---------+-------+---------
           D:1 |       0 |      21 |   0.0 |       0 |      10 |   0.0 |   552
           D:2 |       0 |      63 |   0.0 |       0 |      27 |   0.0 |  1388
           D:3 |       0 |     284 |   0.0 |       0 |      36 |   0.0 |  1954
           D:4 |       0 |     324 |   0.0 |       0 |       9 |   0.0 |  1508
           D:5 |       0 |     614 |   0.0 |       0 |      17 |   0.0 |   874
           D:6 |       0 |    1419 |   0.0 |       0 |      25 |   0.0 |  1619
           D:7 |       0 |    2199 |   0.0 |       0 |      35 |   0.0 |  2112
           D:8 |       0 |    1469 |   0.0 |       0 |      22 |   0.0 |   997
           D:9 |       0 |    4535 |   0.0 |       0 |      48 |   0.0 |  1838
          D:10 |       0 |    5014 |   0.0 |       0 |      33 |   0.0 |  2274
          D:11 |       0 |    8112 |   0.0 |       0 |      68 |   0.0 |  2535
          D:12 |       0 |   10306 |   0.0 |       0 |      78 |   0.0 |  2613
          D:13 |       0 |   16711 |   0.0 |       0 |      72 |   0.0 |  2200
          D:14 |       0 |   11909 |   0.0 |       0 |      46 |   0.0 |  2447
          D:15 |       0 |    2750 |   0.0 |       0 |       9 |   0.0 |   493
         IceCv |       0 |    5483 |   0.0 |       0 |      20 |   0.0 |  1298
               +---------+---------+-------+---------+---------+-------+---------
